 Dungeon Crawl Stone Soup version 0.20.1-1-g8b1a95d (webtiles) character file.

11 Jazqa the Sneak (level 2, -1/22 HPs)
             Began as a Naga Enchanter on Oct 31, 2017.
             Slain by a jackal (3 damage)
             ... on level 1 of the Dungeon.
             The game lasted 00:00:34 (339 turns).

Jazqa the Sneak (Naga Enchanter)                     Turns: 339, Time: 00:00:34

Health: -1/22      AC:  1    Str: 10    XL:     2   Next: 25%
Magic:  4/5        EV: 10    Int: 15    God:
Gold:   0          SH:  0    Dex: 11    Spells: 4/5 levels left

rFire    . . .     SeeInvis +   a - +1 dagger
rCold    . . .     Gourm    .   (no shield)
rNeg     . . .     Faith    .   b - +0 robe
rPois    +         Spirit   .   (no helmet)
rElec    .         Reflect  .   (no cloak)
rCorr    .         Harm     .   (no gloves)
MR       .....                  (no barding)
Stlth    +++.......             (no amulet)
Regen    0.1/turn               (no ring)
MPRegen  0.1/turn               (no ring)

@: very slow
A: see invisible, deformed body, poison resistance, slowness 2, slow metabolism
1, spit poison 1, AC +0
a: Spit Poison


You were on level 1 of the Dungeon.
You were not hungry.

You visited 1 branch of the dungeon, and saw 1 of its levels.


Innate Abilities, Weirdness & Mutations

You cannot wear boots.
Your serpentine skin is tough. (AC +0)
You have supernaturally acute eyesight. (SInv)
Armour fits poorly on your strangely shaped body.
Your system is resistant to poisons. (rPois)
You cover ground very slowly.
You have a slow metabolism.
You can spit poison.


   Skills:
 + Level 1.2 Short Blades
 - Level 1.5 Dodging
 + Level 5.0 Stealth
 + Level 2.0 Spellcasting
 + Level 3.1 Hexes


You had 4 spell levels left.
You knew the following spells:

 Your Spells              Type           Power        Failure   Level  Hunger
z - Corona                Hex            ##.....      6%          1    #......

Inventory:

Hand Weapons
 a - a +1 dagger (weapon)
Armour
 b - a +0 robe (worn)
Scrolls
 e - a scroll of fear {unknown}
Books
 c - a book of Maledictions

   Spells                             Type                      Level
   a - Corona                         Hexes                        1
   b - Ensorcelled Hibernation        Hexes/Ice                    2
   c - Confuse                        Hexes                        3
   d - Tukima's Dance                 Hexes                        3
   e - Dazzling Spray                 Conjuration/Hexes            3
Comestibles
 d - a bread ration {@e1}
 f - a chunk of flesh
 g - a meat ration {@e1}

Dungeon Overview and Level Annotations

Branches:
Dungeon (1/15)

Altars:

...... ## #. .... . # ...
#. . ....#. #.. #. #.
..#.# #...##. #..###..#
#......
#.#...#.#############..##.
....#.#................#..
#...!...########..........
######.hh@.............#..
##h########.########. #.#
#.# #. #.# #.# #.
#.########.# #.
.........>.# .
.#########.####### .
#........ #)#######


You could see 3 jackals.


Message History

The hobgoblin is heavily wounded.
The hobgoblin hits you with a club.
You hit the hobgoblin.
The hobgoblin is almost dead.
The hobgoblin hits you with a club.
You hit the hobgoblin.
You kill the hobgoblin!
Your Stealth skill increases to level 5!
Casting: Corona
Confirm with . or Enter, or press ? or * to list all spells.
Aiming: Corona
Press: ? - help, Shift-Dir - straight line, f - jackal
Aim: a jackal (chance to defeat MR: 64%)
The jackal is outlined in light.
The jackal bites you.
You barely miss the jackal. The jackal bites you.
You closely miss the jackal. The jackal bites you.
* * * LOW HITPOINT WARNING * * *
The jackal bites you.
* * * LOW HITPOINT WARNING * * *
You hit the jackal but do no damage. The jackal bites you.
* * * LOW HITPOINT WARNING * * *
The jackal closely misses you.
Unknown command.
The jackal bites you.
* * * LOW HITPOINT WARNING * * *
The jackal pauses to sniff the ground.
The jackal closely misses you. The jackal bites you.
* * * LOW HITPOINT WARNING * * *
The jackal stops glowing.
The jackal bites you.
You die...

Skill      XL: |  1  2 |
---------------+-------+-----
Stealth        | 5 |  5.0
Short Blades   | |  1.2
Dodging        | |  1.5
Spellcasting   | |  2.0
Hexes          | |  3.1

Action                   || total
-------------------------++-------
Melee: Dagger            ||    25
 Cast: Corona            ||     3
 Stab: Sleeping          ||     2
Dodge: Dodged            ||    11

Vault maps used:
D:1:      grunt_arrival_crossed_arrows

Notes
Turn   | Place    | Note
-------+----------+-------------------------------------------
     0 | D:1      | Jazqa the Naga Enchanter began the quest for the Orb.
     0 | D:1      | Reached XP level 1. HP: 15/15 MP: 3/3
   140 | D:1      | Reached XP level 2. HP: 7/22 MP: 3/5
   333 | D:1      | Reached skill level 5 in Stealth
   338 | D:1      | HP: 2/22 [jackal (1)]
   339 | D:1      | Slain by a jackal

Vanquished Creatures
  A dart slug (D:1)
  A goblin (D:1)
  3 hobgoblins (D:1)
  A bat (D:1)
  A frilled lizard (D:1)
  2 kobolds (D:1)
9 creatures vanquished.
